 Dungeon Crawl Stone Soup version 0.17.1-1-g73c8601 (webtiles) character file.

203 Implojin the Ruffian (level 5, -2/50 HPs)
             Began as a Troll Fighter on Apr 3, 2016.
             Was an Initiate of Okawaru.
             Slain by an orc warrior
             ... wielding a +0 scimitar
              (20 damage)
             ... on level 5 of the Dungeon.
             The game lasted 00:03:46 (699 turns).

Implojin the Ruffian (Troll Fighter)                 Turns: 699, Time: 00:03:46

Health: -2/50      AC:  6    Str: 24    XL:     5   Next: 51%
Magic:  4/4        EV:  8    Int:  4    God:    Okawaru [......]
Gold:   36         SH:  8    Dex: 10    Spells: 0 memorised, 4 levels left

rFire  . . .     SeeInvis .       - Unarmed
rCold  . . .     Clarity  .     a - +0 robe
rNeg   . . .     SustAt   .     b - +0 shield
rPois  .         Gourm    +     (helmet restricted)
rElec  .         Spirit   .     g - +0 cloak
rCorr  .         Warding  .     (gloves unavailable)
rMut   .         Stasis   .     (boots unavailable)
MR     .....                    (no amulet)
Stlth  +.........               (no ring)
                                (no ring)

@: not resistant to hostile enchantments, very unstealthy
A: unfitting armour, claws 3, fast metabolism 3, gourmand, regeneration 2,
shaggy fur 1, tough skin 2
a: Renounce Religion


You were on level 5 of the Dungeon.
You worshipped Okawaru.
Okawaru was noncommittal.
You were near starving.

You visited 2 branches of the dungeon, and saw 7 of its levels.

You collected 36 gold pieces.

Inventory:

Hand Weapons
 h - a +0 blowgun
Missiles
 f - 3 javelins (quivered)
Armour
 a - a +0 robe (worn)
 b - a +0 shield (worn)
 g - a +0 cloak (worn)
Scrolls
 e - a scroll of identify {unknown}
 i - a scroll of magic mapping {unknown}
Potions
 c - 3 potions of might
 j - a potion of ambrosia {unknown}
 k - a potion of lignification {unknown}
Comestibles
 d - 2 bread rations


   Skills:
 - Level 2.4 Fighting
 - Level 2.4 Dodging
 - Level 2.4 Shields
 * Level 5.8 Unarmed Combat


You had 4 spell levels left.
You didn't know any spells.

Dungeon Overview and Level Annotations

Branches:
Dungeon (6/15)             Temple (1/1) D:5

Altars:
Ashenzari
Elyvilon
Fedhas
Kikubaaqudgha
Makhleb
Okawaru
Qazlal
Sif Muna
Vehumet
Xom
Yredelemnul
Zin
The Shining One


Innate Abilities, Weirdness & Mutations

You are too large for most types of armour.
You have claws for hands.
Your metabolism is lightning-fast.
You like to eat raw meat.
You heal very quickly.
You are covered in fur (AC +1).
You have very tough skin (AC +2).


Message History

You claw the worker ant!
You kill the worker ant!
Okawaru accepts your kill.
You scratch the worker ant zombie.
You block the worker ant zombie's attack.
You claw the worker ant zombie!
You are near starving!
The worker ant zombie bites you but does no damage.
You claw the worker ant zombie!
You destroy the worker ant zombie!
Okawaru accepts your kill.
You feel sick.
There is an open door here.
Found a stone staircase leading down.
There is a stone staircase leading down here.
You feel sick.
You are no longer poisoned.
You climb downwards.
You hear the hiss of flowing sand.
There is an entrance to an ossuary on this level.
Hurry and find it before the portal is buried! 4 orcs and an orc warrior come into view.
The orc warrior shouts!
The orc shouts!
Found an escape hatch in the ceiling.
There is a stone staircase leading up here.
Unknown command.
The orc shouts!
The orc throws a silver tomahawk.
You block the silver tomahawk.
Unknown command.
The orc warrior hits you with a scimitar!
* * * LOW HITPOINT WARNING * * *
You climb upwards.
There is a stone staircase leading down here.
Unknown command.
You closely miss the orc warrior. You barely miss the orc warrior.
The orc warrior hits you with a scimitar!
* * * LOW HITPOINT WARNING * * *
You closely miss the orc warrior.
The orc warrior hits you with a scimitar!!
You die...

#####..#.##...##.#
####......'.......#.#.
#.........#...........
#.......######.#.####
##.....## ###.#
##...## #.# ##'## #.#
#.# #.# #@# #Z#
.......o..># #.#
.#####...#..... ..#
..... #### ##...##
##.## ###


You could see an orc warrior.

Vanquished Creatures
  A crimson imp (D:5)
  A hound (D:3)
  A worker ant (D:5)
  2 orc wizards (D:5)
  A worker ant zombie (D:5)
  An adder (D:5)
  A shadow imp (D:5)
  An ooze (D:5)
  An adder zombie (D:5)
  A giant gecko (D:5)
  A ball python (D:5)
  A giant cockroach (D:5)
  A hobgoblin (D:1)
  A jackal (D:5)
  A quokka (D:4)
  A jackal skeleton (D:5)
  2 kobolds (D:3)
  2 rats
21 creatures vanquished.

Vanquished Creatures (others)
  An orc wizard (D:5)
1 creature vanquished.

Grand Total: 22 creatures vanquished

Notes
Turn   | Place    | Note
--------------------------------------------------------------
     0 | D:1      | Implojin the Troll Fighter began the quest for the Orb.
     0 | D:1      | Reached XP level 1. HP: 22/22 MP: 0/0
    46 | D:3      | Found a burning altar of Makhleb.
    46 | D:3      | Noticed a hound
    53 | D:3      | Killed a hound
    53 | D:3      | Reached skill level 3 in Unarmed Combat
    53 | D:3      | Reached XP level 2. HP: 29/29 MP: 1/1
    53 | D:3      | Reached XP level 3. HP: 36/36 MP: 2/2
   159 | D:5      | Entered Level 5 of the Dungeon
   216 | D:4      | Found a blossoming altar of Fedhas.
   216 | D:4      | Found a basalt altar of Yredelemnul.
   260 | D:5      | Found a staircase to the Ecumenical Temple.
   265 | Temple   | Entered the Ecumenical Temple
   335 | Temple   | Became a worshipper of Warmaster Okawaru
   518 | D:5      | Reached skill level 4 in Unarmed Combat
   548 | D:5      | Reached XP level 4. HP: 25/44 MP: 3/3
   581 | D:5      | Reached skill level 5 in Unarmed Combat
   586 | D:5      | Reached XP level 5. HP: 14/50 MP: 4/4
   692 | D:6      | Noticed an orc warrior
   699 | D:5      | Slain by an orc warrior

Action                   |  1- 3 |  4- 6 || total
-------------------------+-------+-------++-------
Melee: Unarmed           |    50 |    52 ||   102
  Use: Scroll            |     1 |       ||     1
  Eat: Chunk             |     2 |       ||     2

Table legend:
 A = Turns spent in this place as a percentage of turns spent in the entire game.
 B = Non-inter-level travel turns spent in this place as a percentage of non-inter-level travel turns spent in the entire game.
 C = Inter-level travel turns spent in this place as a percentage of turns spent in this place.
 D = Turns resting spent in this place as a percentage of non-inter-level travel turns spent in this place.
 E = Turns spent auto-exploring this place as a percentage of non-inter-level travel turns spent in this place.
 F = Non-inter-level travel turns spent in this place divided by the number of levels of this place that you've seen.
                   A       B       C       D       E      F
               +-------+-------+-------+-------+-------+----------------------
         Total | 100.0 | 100.0 |   0.0 |   0.0 |   0.0 | 101.6
       Dungeon |  86.5 |  86.5 |   0.0 |   0.0 |   0.0 | 102.5
        Temple |  13.5 |  13.5 |   0.0 |   0.0 |   0.0 |  96.0
               +-------+-------+-------+-------+-------+----------------------

Table legend:
 A = Kills in this place as a percentage of kills in entire the game.
 B = Kills by you in this place as a percentage of kills by you in the entire game.
 C = Kills by friends in this place as a percentage of kills by friends in the entire game.
 D = Other kills in this place as a percentage of other kills in the entire game.
 E = Experience gained in this place as a percentage of experience gained in the entire game.
 F = Experience gained in this place divided by the number of levels of this place that you have seen.
                   A       B       C       D       E      F
               +-------+-------+-------+-------+-------+----------------------
         Total | 100.0 | 100.0 |  -nan | 100.0 | 100.0 |  41.6
       Dungeon | 100.0 | 100.0 |  -nan | 100.0 | 100.0 |  48.5
               +-------+-------+-------+-------+-------+----------------------
